 Dungeon Crawl Stone Soup version 0.20.1-1-g8b1a95d (webtiles) character file.

2418 Fisto the Chopper (level 9, -1/78 HPs)
             Began as a Minotaur Berserker on Nov 24, 2017.
             Was a Priest of Trog.
             Hit by a javelin of returning thrown by a centaur (7 damage)
             ... in a bailey.
             The game lasted 00:26:14 (5589 turns).

Fisto the Chopper (Minotaur Berserker)              Turns: 5589, Time: 00:26:16

Health: -1/78      AC: 11    Str: 21 (24) XL:     9   Next: 24%
Magic:  17/17      EV: 12    Int:  3 (4)  God:    Trog [***...]
Gold:   256        SH:  0    Dex: 10 (11) Spells: 8/8 levels left

rFire    . . .     SeeInvis .   z - +0 flail (curse)
rCold    . . .     Gourm    .   (no shield)
rNeg     . . .     Faith    .   o - quicksilver dragon scales
rPois    .         Spirit   .   (helmet restricted)
rElec    .         Reflect  .   (no cloak)
rCorr    .         Harm     .   (no gloves)
MR       +....                  (no boots)
Stlth    +.........             (no amulet)
Regen    0.3/turn               v - ring of magical power
MPRegen  0.2/turn               (no ring)

@: no status effects
A: retaliatory headbutt, horns 2
a: Berserk, Trog's Hand, Burn Spellbooks, Renounce Religion


You were in a bailey.
You worshipped Trog.
Trog was most pleased with you.
You were hungry.

You visited 1 branch of the dungeon, and saw 7 of its levels.
You also visited: Bailey.

You collected 256 gold pieces.

Inventory:

Hand Weapons
 a - a +0 hand axe
 h - a +1 hunting sling
 i - a +0 blowgun
 p - a +1 long sword of holy wrath
 s - a +1 whip of freezing
 z - a cursed +0 flail (weapon)
 D - a +0 mace of holy wrath
 E - a +3 scimitar
 F - a +4 morningstar
 G - a cursed +0 great sword
 I - a +2 war axe
 J - a +3 long sword
Missiles
 d - a javelin of returning
 k - 240 stones (quivered)
 m - 32 poisoned needles
 y - 2 curare-tipped needles
 L - 5 needles of sleeping
Armour
 o - quicksilver dragon scales (worn)
Jewellery
 u - a +4 amulet of reflection {unknown}
 v - a ring of magical power (left hand)
Wands
 r - a wand of confusion (29/48)
 w - a wand of iceblast (6/15)
 C - a wand of polymorph (7/24)
Scrolls
 f - 3 scrolls of blinking
 g - 5 scrolls of teleportation
 j - a scroll of enchant armour
 x - a scroll of magic mapping
 B - a scroll of recharging
 H - a scroll of enchant weapon
Potions
 l - 2 potions of might
 q - a potion of curing
 A - a potion of magic {unknown}
 K - a potion of agility {unknown}
Comestibles
 b - 5 fruits
 c - 3 bread rations
 n - 4 royal jellies
 t - a chunk of flesh


   Skills:
 + Level 6.9 Fighting
 + Level 4.8 Long Blades
 + Level 7.9(8.0) Axes
 + Level 1.3(5.1) Maces & Flails
 + Level 6.5(6.6) Slings
 + Level 0.8(3.8) Throwing
 + Level 6.2 Armour
 + Level 4.3 Dodging
 + Level 0.3 Stealth


You had 8 spell levels left.
You didn't know any spells.

Dungeon Overview and Level Annotations

Branches:
Dungeon (7/15)             Temple (0/1) D:6

Altars:
Dithmenos
Fedhas
Trog


Innate Abilities, Weirdness & Mutations

You reflexively headbutt those who attack you in melee.
You have a pair of horns on your head.


Message History

The centaur throws a javelin of returning.
The javelin of returning hits you!
* * * LOW HITPOINT WARNING * * *
The weapon returns to the centaur!
The centaur throws a javelin of returning.
The javelin of returning hits you!
* * * LOW HITPOINT WARNING * * *
The weapon returns to the centaur!
The centaur throws a javelin of returning.
The javelin of returning hits you but does no damage.
The weapon returns to the centaur!
There is a fountain of clear blue water here.
The centaur throws a javelin of returning.
The javelin of returning hits you.
* * * LOW HITPOINT WARNING * * *
The weapon returns to the centaur!
Your ogre rages.
The centaur throws a javelin of returning.
The javelin of returning hits you!
You die...

.oo≈≈≈≈≈≈≈≈≈...≈
.≈≈≈.......≈≈..≈
≈≈oo≈≈≈≈≈≈≈.o..≈
≈.≈≈≈.....≈≈≈...
.≈≈..≈≈≈≈≈..≈≈..
.≈.≈≈≈O..≈≈≈.≈≈.
≈≈.≈..⌠.⌠..≈≈.≈.
..o≈..∩§@§....≈(
≈≈c≈..⌠.§§.≈≈.≈c
o≈.≈≈≈.§§§≈≈.≈≈.
.≈≈..≈≈≈≈≈..≈≈..
≈.≈≈≈.....≈≈≈...
≈≈..≈≈≈≈≈≈≈((.(≈
.≈≈≈....o..≈≈..≈
..o≈≈≈≈≈≈≈≈≈...≈
###.....o......≈


You could see 2 centaurs, 7 orcs and a friendly ogre (berserk).

Vanquished Creatures
  Pikel (D:4)
  An oklob plant (D:4)
  Sigmund (D:5)
  A sky beast (D:6)
  A phantom (D:5)
  A centaur (D:5)
  A bullfrog (D:6)
  4 scorpions
  9 wights (D:6)
  A howler monkey (D:6)
  3 hounds
  2 crimson imps (D:6)
  2 orc priests (D:5)
  A worker ant (D:4)
  Terence (D:2)
  An iguana (D:4)
  An orc wizard (D:6)
  7 adders
  2 shadow imps
  An ooze (D:4)
  An adder skeleton (D:4)
  2 worms
  6 dart slugs
  3 leopard geckos
  6 orcs
  7 bats
  4 giant cockroaches
  10 goblins
  5 hobgoblins
  10 kobolds
  3 quokkas
  9 frilled lizards
  A giant cockroach zombie (D:6)
  A jackal zombie (D:5)
  5 rats
  A fungus (D:4)
  A plant (D:4)
117 creatures vanquished.

Vanquished Creatures (others)
  An orc (D:4)
1 creature vanquished.

Grand Total: 118 creatures vanquished

Notes
Turn   | Place    | Note
-------+----------+-------------------------------------------
     0 | D:1      | Fisto the Minotaur Berserker began the quest for the Orb.
     0 | D:1      | Reached XP level 1. HP: 19/19 MP: 0/0
   119 | D:1      | Reached XP level 2. HP: 27/27 MP: 1/1
   219 | D:1      | Reached skill level 4 in Axes
   458 | D:1      | Reached XP level 3. HP: 34/34 MP: 2/2
   811 | D:2      | Reached ** piety under Trog
   912 | D:2      | Noticed Terence
   918 | D:2      | Killed Terence
   918 | D:2      | Reached XP level 4. HP: 41/41 MP: 3/3
  1422 | D:3      | Reached skill level 5 in Fighting
  1713 | D:3      | Found a bloodstained altar of Trog.
  1792 | D:3      | Reached skill level 5 in Axes
  1965 | D:3      | Reached XP level 5. HP: 48/48 MP: 4/4
  2158 | D:4      | Noticed Pikel
  2160 | D:4      | Noticed a slave
  2170 | D:4      | Killed Pikel
  2170 | D:4      | Reached skill level 7 in Axes
  2170 | D:4      | Reached XP level 6. HP: 56/56 MP: 5/5
  2170 | D:4      | Reached XP level 7. HP: 61/61 MP: 6/6
  2179 | D:4      | Reached *** piety under Trog
  2440 | D:4      | Found a blossoming altar of Fedhas.
  2461 | D:4      | Noticed an oklob plant
  2550 | D:4      | Killed an oklob plant
  2550 | D:4      | Reached XP level 8. HP: 70/70 MP: 7/7
  3265 | D:5      | Entered Level 5 of the Dungeon
  3265 | D:5      | Noticed Sigmund
  3273 | D:5      | Killed Sigmund
  3273 | D:5      | Reached skill level 5 in Slings
  3695 | D:5      | Reached skill level 1 in Long Blades
  4506 | D:5      | Found a shadowy altar of Dithmenos.
  4578 | D:6      | Found a staircase to the Ecumenical Temple.
  4646 | D:6      | Reached skill level 5 in Armour
  4918 | D:6      | Reached XP level 9. HP: 78/78 MP: 8/8
  5159 | D:6      | Reached skill level 1 in Maces & Flails
  5176 | D:6      | Reached **** piety under Trog
  5562 | D:7      | Found a flagged portal.
  5571 | Bailey   | Entered a bailey
  5589 | Bailey   | Hit by a javelin of returning thrown by a centaur

Skill      XL: |  1  2  3  4  5  6  7  8  9 |
---------------+----------------------------+-----
Fighting       | 4 5 6 |  6.9
Axes           | 4 5 7 |  7.9
Armour         | 4 5 6 |  6.2
Dodging        | 3 4 |  4.3
Slings         | 4 6 |  6.5
Long Blades    | 3 4 |  4.8
Maces & Flails | 1 |  1.3
Throwing       | |  0.8
Stealth        | |  0.3

Action                   |  1- 3 |  4- 6 |  7- 9 || total
-------------------------+-------+-------+-------++-------
Melee: Hand axe          |    57 |    99 |    52 ||   208
       Headbutt          |     6 |    12 |    40 ||    58
       Long sword        |       |       |    81 ||    81
       Flail             |       |       |    35 ||    35
 Fire: Hunting sling     |       |       |    60 ||    60
       Blowgun           |       |       |     3 ||     3
Throw: Stone             |       |       |     4 ||     4
Invok: Berserk           |     1 |     1 |     4 ||     6
       Burn Spellbooks   |       |     1 |     1 ||     2
       Brothers in Arms  |       |       |     1 ||     1
  Use: Scroll            |       |     7 |     5 ||    12
       Potion            |       |     1 |     4 ||     5
  Eat: Chunk             |       |     5 |     7 ||    12
       Fruit             |       |       |     5 ||     5
       Bread ration      |       |       |     1 ||     1
Armor: Leather armour    |     9 |       |       ||     9
       Animal skin       |     1 |       |       ||     1
       Quicksilver drago |       |    44 |    44 ||    88
       Ring mail         |       |     6 |       ||     6
       Plate armour      |       |       |    33 ||    33
Dodge: Dodged            |    43 |    77 |    68 ||   188
       Rpst.: Long sword |       |       |     9 ||     9
